 Dungeon Crawl Stone Soup version 0.25-a0-246-g58704a1ebd (webtiles) character file.

Game seed: 3788420543273554270, levelgen mode: deterministic

81646 RedPan the Summoner (level 15, -3/118 HPs)
             Began as a Yellow Draconian Ice Elementalist on Dec 3, 2019.
             Was the Champion of Cheibriados.
             Slain by a +0 morningstar of crushing (6 damage)
             ... on level 2 of the Elven Halls.
             The game lasted 01:46:09 (35282 turns).

RedPan the Summoner (DrIE)                         Turns: 35282, Time: 01:46:10

Health: -3/118     AC: 17    Str: 23    XL:     15   Next: 27%
Magic:  2/37       EV: 23    Int: 35    God:    Cheibriados [******]
Gold:   2272       SH: 14    Dex: 26    Spells: 5/32 levels left

rFire    + + +     SeeInvis +   g - +2 spear of Calculation {protect, rF+++ rC+ Str-3 Dex-2}
rCold    + . .     Gourm    .   B - +3 buckler
rNeg     . . .     Faith    .   (armour unavailable)
rPois    .         Spirit   .   i - +2 hat
rElec    .         Reflect  +   p - +2 cloak
rCorr    +         Harm     .   (no gloves)
MR       ++...                  M - +2 pair of boots
Stlth    +++.......             w - +4 amulet of reflection
HPRegen  0.29/turn              f - ring of magical power
MPRegen  0.25/turn              l - ring of see invisible

@: very slow
A: spit acid, unfitting armour, magic resistance 1, sense surroundings 1, acidic
bite, cold-blooded, acid resistance, AC +9
a: Breathe Acid, Bend Time, Temporal Distortion, Slouch, Step From Time,
Renounce Religion


You were on level 2 of the Elven Halls.
You worshipped Cheibriados.
Cheibriados was exalted by your worship.
You were very hungry.

You visited 5 branches of the dungeon, and saw 26 of its levels.
You also visited: Sewer.

You collected 3294 gold pieces.
You spent 1022 gold pieces at shops.

Inventory:

Hand Weapons
 g - the +2 spear of Calculation (weapon) {protect, rF+++ rC+ Str-3 Dex-2}
   (You bought it in a shop on level 7 of the Dungeon)

   It grants its wielder temporary protection when it strikes (+7 to AC).
   It affects your strength (-3).
   It affects your dexterity (-2).
   It renders you almost immune to fire.
   It protects you from cold.
 h - a +1 spear of electrocution
 L - the +8 halberd "Ankusm" {chop, Int+5}
   (You bought it in a shop on level 2 of the Orcish Mines)

   It inflicts extra damage upon your enemies.
   It affects your intelligence (+5).
Armour
 i - a +2 hat (worn)
 p - a +2 cloak (worn)
 B - a +3 buckler (worn)
 M - a +2 pair of boots (worn)
Jewellery
 f - a ring of magical power (left hand)
 j - an uncursed ring of stealth
 l - a ring of see invisible (right hand)
 u - an uncursed ring of wizardry {unknown}
 w - a +4 amulet of reflection (around neck)
 z - an uncursed ring of ice
 R - an uncursed amulet of harm
Wands
 k - a wand of iceblast (32)
 o - a wand of acid (20)
 q - a wand of polymorph (27)
 x - a wand of disintegration (20)
 G - a wand of paralysis (25)
 N - a wand of enslavement (11)
Scrolls
 a - 7 scrolls of fog
 c - 4 scrolls of enchant armour
 m - 6 scrolls of remove curse
 n - 6 scrolls of blinking
 v - 2 scrolls of magic mapping
 y - 3 scrolls of amnesia
 C - 3 scrolls of vulnerability
 E - 9 scrolls of teleportation
 I - 10 scrolls of identify
 K - 6 scrolls of enchant weapon
 S - 2 scrolls of fear
Potions
 d - 3 potions of berserk rage
 e - 2 potions of flight
 r - 3 potions of might
 t - 2 potions of ambrosia
 A - 2 potions of cancellation
 D - a potion of mutation
 F - 2 potions of brilliance
 H - 2 potions of resistance
 J - a potion of curing
 O - 2 potions of magic
 P - 3 potions of agility
 Q - 2 potions of invisibility
Comestibles
 b - 52 rations
 s - 3 chunks of flesh


   Skills:
 - Level 7.2 Fighting
 - Level 8.0 Polearms
 + Level 10.8 Dodging
 - Level 2.0 Stealth
 - Level 7.0 Shields
 + Level 9.4 Spellcasting
 - Level 7.0 Conjurations
 - Level 2.1 Hexes
 + Level 12.9 Summonings
 - Level 8.0 Ice Magic
 - Level 7.0 Air Magic
 - Level 9.0 Invocations


You had 5 spell levels left.
You knew the following spells:

 Your Spells              Type           Power        Failure   Level  Hunger
a - Freeze                Ice            ####         1%          1    None
b - Summon Ice Beast      Ice/Summ       ######..     1%          4    None
c - Freezing Cloud        Conj/Ice/Air   ######....   21%         6    #####..
d - Summon Lightning Spi  Summ/Air       ######..     1%          4    None
e - Summon Mana Viper     Hex/Summ       ######..     3%          5    ###....
f - Summon Hydra          Summ           #######...   11%         7    ######.

Your spell library contained the following spells:

 Spells                   Type           Power        Failure   Level  Hunger
 Summon Butterflies       Summ           #######.     0%          1    None
 Summon Small Mammal      Summ           ####         0%          1    None
 Confusing Touch          Hex            ####..       1%          1    None
 Foxfire                  Conj/Fire      ####         1%          1    None
 Shock                    Conj/Air       ####         1%          1    None
 Call Imp                 Summ           #######.     1%          2    None
 Poisonous Vapours        Pois/Air       #####.       1%          2    None
 Swiftness                Chrm/Air       #####...     1%          2    None
 Call Canine Familiar     Summ           #######.     1%          3    None
 Conjure Flame            Conj/Fire      #####...     1%          3    None
 Mephitic Cloud           Conj/Pois/Air  #####...     1%          3    None
 Ozocubu's Armour         Chrm/Ice       #####...     1%          3    None
 Static Discharge         Conj/Air       ######..     1%          3    None
 Summon Guardian Golem    Hex/Summ       ######..     1%          3    None
 Airstrike                Air            ######....   1%          4    None
 Hailstorm                Conj/Ice       ######..     1%          4    None
 Animate Skeleton         Necr           N/A          2%          1    None
 Apportation              Tloc           ###...       2%          1    None
 Inner Flame              Hex/Fire       ###.....     4%          3    None
 Ice Form                 Ice/Tmut       #####...     4%          4    None
 Lightning Bolt           Conj/Air       ######....   4%          5    ###....
 Sticky Flame             Conj/Fire      #####...     6%          4    None
 Metabolic Englaciation   Hex/Ice        ######....   9%          5    ###....
 Fireball                 Conj/Fire      #####.....   17%         5    ###....
 Ozocubu's Refrigeration  Ice            ######....   16%         6    #####..
 Simulacrum               Ice/Necr       #####.....   61%         6    #####..
 Ring of Flames           Chrm/Fire      ###.......   100%        7    ######.


Dungeon Overview and Level Annotations

Branches:
Dungeon (15/15)            Temple (0/1) D:7            Lair (6/6) D:10
  Swamp (1/4) Lair:3       Spider (0/4) Lair:3        Slime (0/5) Lair:6
    Orc (2/2) D:9             Elf (2/3) Orc:2        Vaults (0/5) D:14
 Depths (0/5) D:15          Sewer (visited)

Altars:
Ashenzari
Cheibriados
Dithmenos
Elyvilon
Kikubaaqudgha
Nemelex Xobeh
Okawaru
The Shining One
Beogh

Shops:
D:7 (   D:8 }   D:10 (   D:12 }   Orc:1 =(:=   Orc:2 *:}?}

Annotations:
D:15 exclusion: obsidian statue
Elf:2 6 runed translucent doors


Innate Abilities, Weirdness & Mutations

You can spit globs of acid.
Your golden yellow scales are hard. (AC +9)
You cannot fit into any form of body armour.
You have acidic saliva.
You are cold-blooded and may be slowed by cold attacks.
You are resistant to acid. (rCorr)
You are resistant to hostile enchantments. (MR+)
You passively map a small area around you.


Message History

The +0 morningstar of crushing hits you.
You closely miss the +0 morningstar of crushing.
Your bite misses the +0 morningstar of crushing.
The +0 morningstar of crushing is moderately damaged.
The +0 morningstar of crushing hits you!!
* * * LOW HITPOINT WARNING * * *
x2 Your ice beast barely misses the +0 morningstar of crushing.
Your ice beast hits the +0 morningstar of crushing.
Your ice beast freezes the +0 morningstar of crushing.
The +0 morningstar of crushing resists.
You feel better.
The +0 morningstar of crushing misses you.
Your ice beast barely misses the +0 morningstar of crushing. x2
Casting: Summon Ice Beast (safe; 1% risk of failure)
Confirm with . or Enter, or press ? or * to list all spells.
A seven-headed hydra appears.
You are feeling very hungry.
The +0 morningstar of crushing hits you!
* * * LOW HITPOINT WARNING * * *
You die...

### * # * *
#####.## .##
#..#D..##...##
*
##...Y(........
,
#....@)Y.......
, ,
#......#.......
#.....###......
##...## #.....
##.).###......
,,
##....#.......
** ##.........
...
#..............
, ##.)........
, ,


You could see a +0 morningstar of crushing, a friendly seven-headed hydra and 2
friendly ice beasts.

Vanquished Creatures
  Fannar (D:10)
  A hydra (Lair:6)
  2 two-headed ogres (D:15)
  2 dancing weapons (Elf:2)
  An alligator (Swamp:1)
  A death yak (Lair:6)
  An orc high priest (Orc:2)
  4 deep elf knights
  An unseen horror (D:15)
  Pikel (D:5)
  A wolf spider zombie (D:15)
  A manticore (D:12)
  2 orc sorcerers (Orc:2)
  11 deep elf magi
  5 spiny frogs
  2 gargoyles
  A rime drake (Lair:6)
  4 yaktaurs (D:14)
  A kobold demonologist (D:14)
  3 komodo dragons
  An efreet (D:13)
  2 trolls
  2 hornets (Lair:6)
  A queen bee (Lair:1)
  Grinder (D:3)
  2 blink frogs
  3 hippogriffs
  3 air elementals
  2 vampires
  A fire bat (Lair:2)
  A wyvern (Lair:6)
  12 yaks
  A fire elemental (Elf:2)
  A water elemental (D:13)
  A hungry ghost (D:13)
  A steam dragon (D:14)
  2 vampire mosquitoes
  A warg (D:10)
  6 water moccasins
  A porcupine (shapeshifter) (D:15)
  5 porcupines
  5 orc warriors
  2 eyes of draining
  6 ogres
  A black bear (D:12)
  3 ice beasts
  A necrophage (D:14)
  4 phantoms
  2 centaurs
  2 wolves
  2 crocodiles
  20 bullfrogs
  3 scorpions
  4 wyvern skeletons
  23 killer bees
  2 howler monkeys (D:10)
  4 electric eels
  7 crimson imps
  A bullfrog zombie (D:12)
  10 orc priests
  A quasit (D:8)
  3 hounds
  2 centaur skeletons
  5 centaur zombies
  4 jellies
  6 iguanas
  2 bullfrog skeletons
  Ijyb (D:3)
  12 orc wizards
  Natasha (D:2)
  6 worker ants
  A killer bee zombie (D:9)
  A bullfrog simulacrum (D:12)
  A centaur simulacrum (D:12)
  A howler monkey zombie (D:5)
  A gnoll (D:1)
  18 adders
  5 shadow imps
  3 white imps (D:12)
  An ufetubus (D:12)
  11 oozes
  2 dart slugs
  13 leopard geckos
  43 orcs
  5 bats
  18 giant cockroaches
  11 goblins
  5 hobgoblins
  6 jackals
  7 quokkas
  16 ball pythons
  17 frilled lizards
  10 kobolds
  A quokka zombie (D:8)
  18 rats
  3 plants (D:13)
459 creatures vanquished.

Vanquished Creatures (collateral kills)
  2 deep elf demonologists (Elf:2)
  A deep elf high priest (Elf:2)
  A yaktaur captain (D:15)
  A rakshasa (D:14)
  4 hydras
  A catoblepas (Lair:4)
  A merfolk avatar (Lair:6)
  2 alligators (Swamp:1)
  3 centaur warriors
  3 death yaks
  An ogre mage (D:15)
  8 two-headed ogres
  18 dancing weapons
  3 orc high priests
  5 deep elf knights (Elf:2)
  A fire crab (Lair:4)
  Sonja (Lair:3)
  A skeletal warrior (D:14)
  A swamp dragon (Swamp:1)
  6 deep elf archers
  A wolf spider (shapeshifter) (Elf:2)
  5 orc knights
  7 ugly things
  2 harpies (Lair:6)
  24 deep elf magi
  A wolf spider (D:14)
  An orc sorcerer (Orc:2)
  A manticore (D:15)
  A centaur zombie (D:13)
  A cyclops (D:14)
  2 black mambas
  A spiny frog (shapeshifter) (Elf:1)
  7 spiny frogs
  3 rime drakes
  A centaur skeleton (D:14)
  A kobold demonologist (D:14)
  A yaktaur (D:15)
  6 komodo dragons
  6 polar bears
  4 jumping spiders (Lair:3)
  A wind drake (Lair:6)
  7 trolls
  2 hornets (Lair:6)
  A bog body (Swamp:1)
  A tyrant leech (Swamp:1)
  5 hippogriffs
  9 blink frogs
  10 dream sheep (Lair:6)
  2 air elementals (Elf:2)
  28 yaks
  5 redbacks (Lair:3)
  A water elemental (Elf:2)
  4 wyverns
  3 fire elementals
  2 basilisks
  2 fire bats (Lair:2)
  A hungry ghost (D:12)
  3 steam dragons
  7 vampire mosquitoes
  3 wargs
  7 water moccasins
  4 porcupines
  3 ice beasts
  A swamp drake (Swamp:1)
  A sky beast (shapeshifter) (Elf:1)
  16 orc warriors
  A sky beast (D:14)
  A black bear (D:8)
  6 ogres
  A phantom (D:13)
  8 wolves
  10 crocodiles
  3 centaurs
  A big kobold (D:14)
  8 bullfrogs
  An earth elemental (Elf:1)
  4 wights (D:13)
  4 killer bees
  3 crimson imps
  A bullfrog zombie (D:11)
  A quasit (D:7)
  17 orc priests
  A hound (D:12)
  8 orc wizards
  Crazy Yiuf (D:3)
  An iguana (D:11)
  2 worker ants
  A shadow imp (D:7)
  A white imp (D:12)
  An adder zombie (D:9)
  A leopard gecko (D:10)
  45 orcs
  2 jackals (D:7)
  3 kobolds (D:14)
  A leopard gecko skeleton (D:7)
  A butterfly (Lair:2)
  2 fungi
  2 plants
412 creatures vanquished.

Vanquished Creatures (others)
  A deep elf mage (D:14)
  Maurice (D:11)
  A yaktaur (D:14)
  2 centaurs
  A centaur simulacrum (D:12)
  2 orcs
  A butterfly (Lair:2)
  10 fungi
  31 plants
50 creatures vanquished.

Grand Total: 921 creatures vanquished

Notes
Turn   | Place    | Note
-------+----------+-------------------------------------------
     0 | D:1      | RedPan the Draconian Ice Elementalist began the quest for
                  | the Orb.
     0 | D:1      | Reached XP level 1. HP: 14/14 MP: 3/3
   373 | D:1      | Reached XP level 2. HP: 20/20 MP: 3/5
   881 | D:1      | Reached XP level 3. HP: 26/26 MP: 2/6
  1828 | D:2      | Noticed Natasha
  1829 | D:2      | Reached XP level 4. HP: 33/33 MP: 8/8
  1836 | D:2      | Killed Natasha
  1842 | D:2      | Learned a level 4 spell: Summon Ice Beast
  1989 | D:3      | Found a white marble altar of Elyvilon.
  1989 | D:3      | Found a sparkling altar of Nemelex Xobeh.
  2006 | D:3      | Reached skill level 5 in Ice Magic
  2092 | D:3      | Reached skill level 1 in Summonings
  2094 | D:3      | Reached XP level 5. HP: 36/38 MP: 10/10
  2118 | D:3      | Noticed Grinder
  2175 | D:3      | Noticed Ijyb
  2185 | D:3      | Killed Ijyb
  2528 | D:3      | Paralysed by Grinder for 3 turns
  2547 | D:3      | Paralysed by Grinder for 5 turns
  2558 | D:3      | Killed Grinder
  2558 | D:3      | Reached skill level 2 in Summonings
  2558 | D:3      | Reached XP level 6. HP: 27/45 MP: 9/12
  2802 | D:3      | Found a runed translucent door.
  2803 | D:3      | Noticed Crazy Yiuf
  3051 | D:3      | Killed Crazy Yiuf
  3246 | D:4      | Reached skill level 3 in Summonings
  3260 | D:4      | Your scales start taking on a golden yellow colour.
  3260 | D:4      | Reached XP level 7. HP: 39/50 MP: 13/13
  3260 | D:4      | Gained mutation: You are resistant to acid. (rCorr) [Yellow
                  | Draconian growth]
  3442 | D:4      | Found a glowing golden altar of the Shining One.
  3697 | D:4      | Found a glowing drain.
  3715 | Sewer    | Entered a sewer
  4021 | Sewer    | Reached skill level 4 in Summonings
  4058 | Sewer    | Reached skill level 5 in Spellcasting
  4393 | Sewer    | Reached XP level 8. HP: 47/57 MP: 16/16
  4402 | Sewer    | Got a polished war axe
  4419 | D:4      | Identified the +2 war axe of Egomania {elec, Str+3 Int+3}
                  | (You found it in a sewer)
  4497 | D:4      | Identified the +1 shortbow of Pyujiel {velocity, rC+ Int+3}
  4580 | D:4      | Learned a level 4 spell: Hailstorm
  4671 | D:5      | Entered Level 5 of the Dungeon
  4916 | D:5      | Reached skill level 1 in Fighting
  4916 | D:5      | Reached skill level 1 in Conjurations
  4957 | D:5      | Reached skill level 5 in Summonings
  5076 | D:5      | Noticed Pikel
  5113 | D:5      | Killed Pikel
  5452 | D:5      | Found a snail-covered altar of Cheibriados.
  5484 | D:5      | Became a worshipper of Cheibriados the Contemplative
  5795 | D:6      | Found a shattered altar of Ashenzari.
  5925 | D:6      | Reached XP level 9. HP: 68/71 MP: 18/18
  5970 | D:6      | Reached skill level 1 in Invocations
  6400 | D:6      | Reached * piety under Cheibriados
  6599 | D:7      | Found a shadowy altar of Dithmenos.
  6610 | D:7      | Reached skill level 1 in Shields
  6820 | D:7      | Found Bodakud's Antique Weapon Boutique.
  6823 | D:7      | Reached ** piety under Cheibriados
  6863 | D:7      | Found a staircase to the Ecumenical Temple.
  6987 | D:7      | Bought a transparent spear for 224 gold pieces
  6987 | D:7      | Identified the cursed +2 spear of Calculation {protect,
                  | rF+++ rC+ Str-3 Dex-2} (You bought it in a shop on level 7
                  | of the Dungeon)
  7041 | D:7      | Learned a level 4 spell: Summon Lightning Spire
  7042 | D:8      | Noticed a two-headed ogre
  7051 | D:8      | Killed a two-headed ogre
  7051 | D:8      | Reached skill level 1 in Air Magic
  7226 | D:8      | Found Afumnij's Gadget Emporium.
  7255 | D:8      | Reached skill level 5 in Conjurations
  7617 | D:8      | Reached XP level 10. HP: 79/79 MP: 21/21
  7749 | D:9      | Reached *** piety under Cheibriados
  8071 | D:9      | Reached skill level 6 in Summonings
  8233 | D:9      | Found a staircase to the Orcish Mines.
  8471 | D:10     | Entered Level 10 of the Dungeon
  8631 | D:10     | Reached **** piety under Cheibriados
  8812 | D:10     | Reached skill level 5 in Invocations
  8839 | D:10     | Found a staircase to the Lair.
  9178 | D:10     | Noticed Fannar
  9198 | D:10     | Gained mutation: You passively map a small area around you.
                  | [potion of mutation]
  9198 | D:10     | Gained mutation: You are resistant to hostile enchantments.
                  | (MR+) [potion of mutation]
  9225 | D:10     | Killed Fannar
  9715 | D:10     | Found Omok's Antique Weapon Shoppe.
  9890 | D:11     | Noticed Maurice
  9911 | D:11     | Killed Maurice
 10412 | D:11     | Noticed a brown ugly thing
 10424 | D:11     | Killed a green ugly thing
 10424 | D:11     | Reached skill level 7 in Summonings
 10462 | D:11     | Noticed a two-headed ogre
 10476 | D:11     | Killed a two-headed ogre
 10476 | D:11     | Reached XP level 11. HP: 38/84 MP: 11/23
 10822 | D:11     | Noticed a green ugly thing
 10841 | D:11     | Killed a green ugly thing
 10844 | D:11     | Reached ***** piety under Cheibriados
 11098 | D:11     | Noticed an orc knight
 11108 | D:11     | Killed an orc knight
 11108 | D:11     | Reached skill level 5 in Air Magic
 11511 | Lair:1   | Entered Level 1 of the Lair of Beasts
 12715 | Lair:1   | Reached skill level 1 in Polearms
 12811 | Lair:1   | Reached skill level 8 in Summonings
 13180 | Lair:1   | Learned a level 5 spell: Summon Mana Viper
 13188 | Lair:1   | Learned a level 7 spell: Summon Hydra
 13519 | Lair:2   | Reached ****** piety under Cheibriados
 13645 | Lair:2   | Reached skill level 5 in Dodging
 14461 | Lair:3   | Reached XP level 12. HP: 91/91 MP: 18/25
 14706 | Lair:3   | Found a staircase to the Swamp.
 14769 | Lair:3   | Noticed Sonja
 14783 | Lair:3   | Killed Sonja
 14873 | Lair:3   | Found a hole to the Spider Nest.
 15997 | Lair:4   | Reached skill level 9 in Summonings
 16435 | Lair:4   | Noticed a catoblepas
 16450 | Lair:4   | Killed a catoblepas
 17048 | Lair:5   | Noticed a four-headed hydra
 17057 | Lair:5   | Killed a four-headed hydra
 17318 | Lair:5   | Noticed a seven-headed hydra
 17330 | Lair:5   | Killed a seven-headed hydra
 17330 | Lair:5   | Reached skill level 5 in Polearms
 17652 | Lair:6   | Entered Level 6 of the Lair of Beasts
 17825 | Lair:6   | Noticed an eight-headed hydra
 17835 | Lair:6   | Killed an eight-headed hydra
 17933 | Lair:6   | Reached skill level 5 in Fighting
 18264 | Lair:6   | Noticed a seven-headed hydra
 18278 | Lair:6   | Killed a seven-headed hydra
 18278 | Lair:6   | Reached skill level 1 in Hexes
 18278 | Lair:6   | Reached XP level 13. HP: 100/100 MP: 0/26
 18793 | Lair:6   | Reached skill level 10 in Summonings
 19669 | Lair:6   | Found a staircase to the Slime Pits.
 20073 | Orc:1    | Entered Level 1 of the Orcish Mines
 20077 | Orc:1    | Found Mixoac's Jewellery Shop.
 20208 | Orc:2    | Entered Level 2 of the Orcish Mines
 20208 | Orc:2    | Found Zeajen Qiraf's Gadget Shop.
 20355 | Orc:2    | Found a staircase to the Elven Halls.
 20499 | Orc:1    | Found Waara's Antique Weapon Boutique.
 20518 | Orc:1    | Found Xoecyoh's Book Boutique.
 20520 | Orc:1    | Found a roughly hewn altar of Beogh.
 20586 | Orc:1    | Found Tyicoel's Jewellery Boutique.
 20594 | Orc:1    | Bought a +4 amulet of reflection for 432 gold pieces
 22024 | Orc:2    | Found Bojizose's Magic Scroll Shoppe.
 22024 | Orc:2    | Found Ymunomu's Assorted Antiques.
 22027 | Orc:2    | Found Ofeuh's Gadget Shoppe.
 22027 | Orc:2    | Found Mynocor's Book Shop.
 22038 | Orc:2    | Bought an ancient halberd for 333 gold pieces
 22038 | Orc:2    | Bought a lumpy silvery potion for 33 gold pieces
 22039 | Orc:2    | Identified the +8 halberd "Ankusm" {chop, Int+5} (You
                  | bought it in a shop on level 2 of the Orcish Mines)
 22140 | Orc:2    | Found a roughly hewn altar of Beogh.
 22613 | D:12     | Reached skill level 5 in Shields
 22664 | D:12     | Found Haxuig Vebo's Gadget Shop.
 25345 | D:14     | Reached skill level 11 in Summonings
 25655 | D:14     | Found an iron altar of Okawaru.
 25690 | D:14     | Learned a level 6 spell: Freezing Cloud
 25792 | D:14     | Gained mutation: You have acidic saliva. [Yellow Draconian
                  | growth]
 25792 | D:14     | Reached XP level 14. HP: 60/110 MP: 2/27
 26284 | D:14     | Found a gate to the Vaults.
 27059 | D:15     | Entered Level 15 of the Dungeon
 28178 | D:15     | Found a staircase to the Depths.
 28456 | D:15     | Found a glowing golden altar of the Shining One.
 28942 | Swamp:1  | Entered Level 1 of the Swamp
 29903 | Elf:1    | Entered Level 1 of the Elven Halls
 31648 | Elf:1    | Reached skill level 12 in Summonings
 31914 | Elf:1    | Reached skill level 10 in Dodging
 32708 | Elf:2    | Found an ancient bone altar of Kikubaaqudgha.
 33212 | Elf:2    | HP: 5/111 [+1 dire flail of protection (27)]
 33369 | Elf:2    | Reached XP level 15. HP: 49/117 MP: 12/28
 34069 | Elf:2    | Found a runed translucent gate.
 34069 | Elf:2    | Found a runed translucent gate.
 34069 | Elf:2    | Found a runed translucent gate.
 34069 | Elf:2    | Found a runed translucent gate.
 34069 | Elf:2    | Found a runed translucent gate.
 34073 | Elf:2    | Noticed an iron dragon
 34075 | Elf:2    | Found a runed translucent gate.
 34075 | Elf:2    | Noticed a storm dragon
 34265 | Elf:2    | Found a huge runed translucent gate.
 34266 | Elf:2    | Found a huge runed translucent gate.
 34266 | Elf:2    | Found a huge runed translucent gate.
 34267 | Elf:2    | Found a huge runed translucent gate.
 34269 | Elf:2    | Found a huge runed translucent gate.
 35282 | Elf:2    | HP: 3/118 [+0 morningstar of crushing (16)]
 35282 | Elf:2    | Slain by a +0 morningstar of crushing

Levels and vault maps discovered:
D:1:      dpeg_arrival_long_road, layout_basic, minmay_statues_item
D:2:      layout_basic, minmay_rat_gold_closets, uniq_natasha
D:3:      layout_rooms, gammafunk_temple_overflow_wave, minmay_between,
          uniq_crazy_yiuf_cottage, uniq_ijyb, uniq_grinder
D:4:      layout_rooms, kennysheep_little_box, portal_sewer_entry_e,
          first_ration
D:5:      lemuel_upstairs_altar, layout_basic, minmay_misc_feat_chi,
          cheibriados_altar_1, uniq_pikel
D:6:      layout_cave_pools, cheibrodos_ashenzari_chains, grunt_decor_clamped
D:7:      layout_rooms, minmay_temple_entry_statues_pillars, serial_shops,
          nicolae_shop_waterfront, grunt_dithmenos_shadows
D:8:      layout_rooms, serial_shops, shop
D:9:      layout_basic, orc_0_dummy, grunt_ogre_cave
D:10:     layout_basic, erik_lair_orcish_takeover, serial_shops,
          kennysheep_mini, uniq_fannar
D:11:     layout_roguey, special_room [special_room_orc], uniq_maurice
D:12:     layout_loops_ring, serial_ice, serial_ice_n, serial_ice_f,
          serial_ice_g, serial_ice_m, serial_ice_l, serial_ice_a, serial_ice_h,
          serial_ice_o, portal_ice_cave_entry_pillars_1, serial_shops,
          nicolae_shop_trees
D:13:     layout_cave_pods, serial_bayou, serial_bayou_pond_d,
          serial_bayou_pond_c, serial_bayou_shore_a, serial_bayou_lagoon_a,
          serial_bayou_shore_b
D:14:     layout_roguey, hangedman_vaults_entry_quadrant_bands,
          minmay_misc_feat_encased, basic_altar
D:15:     grunt_enter_depths_snipers, layout_loops_ring, tso_altar,
          serial_shops, statue_bzr
Lair:1:   layout_layer_cave, special_room [special_room_bee],
          grunt_megastairs_1, lemuel_fruit_fields
Lair:2:   layout_gridlike, serial_bayou_shore_b, lemuel_fruit_fields
Lair:3:   layout_roguey, minmay_swamp_entry_swarm,
          nicolae_spider_entry_tight_spaces, nicolae_volcano_entry_hallway,
          special_room, uniq_sonja
Lair:4:   layout_concentric_octagons, st_stairs_5, kennysheep_catoblepas_arena,
          grunt_megastairs_2, lemuel_fruit_fields
Lair:5:   layout_regular_city
Lair:6:   gammafunk_lair_ancient_temple, layout_loops_ring,
          dpeg_slime_entry_corner, infiniplex_staircase_pool_2
Swamp:1:  layout_falls_marsh, evilmike_swamp_ruin_house_3, swamp_pool1,
          nicolae_swamp_fairy_circle
Orc:1:    layout_caves, serial_shops, shop, shop, shop, nicolae_shop_trees,
          basic_altar, abandoned_shop, mines2_lemuel
Orc:2:    grunt_orc_tribal_feast, layout_diamond_mine, basic_altar,
          serial_shops, nicolae_shop_trees
Elf:1:    layout_geoelf_grid, minivault_28, item_on_display_a
Elf:2:    layout_geoelf_octagon, basic_altar, orc_legates

Skill      XL: |  1  2  3  4  5  6  7  8  9 10 11 12 13 14 15 |
---------------+----------------------------------------------+-----
Stealth        | 2 |  2.0
Dodging        | 2 3 5 7 8 10 | 10.8
Spellcasting   | 3 4 5 6 7 8 9 |  9.4
Ice Magic      | 5 6 7 8 |  8.0
Summonings     | 1 2 3 4 5 7 8 9 11 12 | 12.9
Fighting       | 3 4 5 6 7 |  7.2
Conjurations   | 3 5 7 |  7.0
Invocations    | 4 6 7 9 |  9.0
Shields        | 3 4 6 7 |  7.0
Air Magic      | 2 4 6 7 |  7.0
Polearms       | 2 5 8 |  8.0
Hexes          | 1 2 |  2.1

Action                   |  1- 3 |  4- 6 |  7- 9 | 10-12 | 13-15 || total
-------------------------+-------+-------+-------+-------+-------++-------
Melee: Short sword       |     5 |       |       |       |       ||     5
       Tailslap          |     2 |     1 |    24 |    61 |   187 ||   275
       Club              |     1 |       |       |       |       ||     1
       Unarmed           |     1 |       |       |       |       ||     1
       Spear             |    24 |    25 |    43 |   315 |   770 ||  1177
       Flail             |     4 |       |       |       |       ||     4
       Quarterstaff      |       |    10 |    64 |       |       ||    74
       War axe           |       |       |    79 |     6 |       ||    85
       Bite              |       |       |       |       |    79 ||    79
 Cast: Freeze            |    51 |    64 |   229 |   291 |   208 ||   843
       Summon Ice Beast  |       |     4 |    21 |   214 |   355 ||   594
       Hailstorm         |       |       |       |    16 |     6 ||    22
       Summon Lightning  |       |       |       |     2 |       ||     2
       Summon Mana Viper |       |       |       |    14 |    52 ||    66
       Summon Hydra      |       |       |       |       |    62 ||    62
       Freezing Cloud    |       |       |       |       |     1 ||     1
Invok: Slouch            |       |       |       |     3 |     4 ||     7
       Step From Time    |       |       |       |       |     1 ||     1
  Use: Scroll            |     2 |     6 |     8 |     8 |    11 ||    35
       Potion            |       |     1 |     1 |     8 |    14 ||    24
 Stab: Sleeping          |     9 |       |     7 |    13 |     7 ||    36
       Distracted        |     1 |       |     1 |     5 |    14 ||    21
  Eat: Chunk             |     3 |     2 |    15 |    16 |    44 ||    80
       Ration            |       |     1 |       |     1 |     5 ||     7
Armor: Skin              |    14 |    24 |   167 |   203 |   196 ||   604
Dodge: Dodged            |    40 |    42 |   243 |   406 |   540 ||  1271
Block: Buckler           |       |       |    25 |   193 |   579 ||   797
       Reflection        |       |       |       |       |    68 ||    68

Table legend:
 A = Non-vault XP
 B = Vault XP
 C = Vault XP percentage of total XP
 D = Non-vault monster count
 E = Vault monster count
 F = Vault count percentage of total count
                 A         B        C        D         E       F
            +---------+---------+-------+---------+---------+-------
      Total |   70532 |   46106 |  39.5 |     562 |     309 |  35.5
            +---------+---------+-------+---------+---------+-------
        D:1 |      46 |       0 |   0.0 |      18 |       0 |   0.0
        D:2 |      54 |      42 |  43.8 |      26 |       8 |  23.5
        D:3 |      38 |     333 |  89.8 |      11 |       8 |  42.1
        D:4 |     647 |      26 |   3.9 |      26 |       8 |  23.5
        D:5 |     542 |     516 |  48.8 |      14 |       1 |   6.7
        D:6 |     727 |       0 |   0.0 |      23 |       0 |   0.0
        D:7 |     575 |     118 |  17.0 |      18 |       1 |   5.3
        D:8 |    1496 |       0 |   0.0 |      24 |       0 |   0.0
        D:9 |    1227 |     122 |   9.0 |      19 |       1 |   5.0
       D:10 |     874 |    1140 |  56.6 |      19 |       9 |  32.1
       D:11 |    2859 |    1394 |  32.8 |      34 |      26 |  43.3
       D:12 |    2826 |    1638 |  36.7 |      32 |      16 |  33.3
       D:13 |    3669 |       0 |   0.0 |      24 |       0 |   0.0
       D:14 |    8128 |    4622 |  36.3 |      42 |      18 |  30.0
       D:15 |    9055 |    1835 |  16.9 |      30 |       3 |   9.1
     Lair:1 |    2690 |    2266 |  45.7 |      22 |      29 |  56.9
     Lair:2 |    2303 |       0 |   0.0 |      17 |       0 |   0.0
     Lair:3 |    3709 |    2273 |  38.0 |      28 |      13 |  31.7
     Lair:4 |    3186 |    1252 |  28.2 |      16 |       6 |  27.3
     Lair:5 |    1687 |       0 |   0.0 |      10 |       0 |   0.0
     Lair:6 |    5838 |    5156 |  46.9 |      32 |      23 |  41.8
    Swamp:1 |    2983 |       0 |   0.0 |       9 |       0 |   0.0
      Orc:1 |     166 |       0 |   0.0 |       5 |       0 |   0.0
      Orc:2 |    1016 |    4847 |  82.7 |      25 |      30 |  54.5
      Elf:1 |    5552 |    3248 |  36.9 |      15 |      11 |  42.3
      Elf:2 |    8639 |   14878 |  63.3 |      23 |      42 |  64.6
      Sewer |       0 |     400 | 100.0 |       0 |      56 | 100.0
            +---------+---------+-------+---------+---------+-------
